Map: Honorgrounds LE

Players

DoomNexus

  • Race: Terran Terran
  • League: Gold
  • Spawn Location: 7:00

Tonko - Winner!

  • Race: Zerg Zerg
  • League: Gold
  • Spawn Location: 11:00

VOD

Have the link to the VOD?

Description

2 base Ling/Bane All In of death

Time

  • Played on: April 1, 2017, 5:22 a.m.
  • Length: 5:45
Show
View Real Time Build Order
Export as new Build Order

DoomNexus Terran 

Build Orders:  

Get SALT Encoding   

  12  0:00  SCV  
  13  0:13  SCV  
  14  0:19  Supply Depot  
  14  0:25  SCV  
  15  0:41  SCV  
  16  0:42  Barracks  
  16  0:53  SCV  
  16  0:54  Refinery  
  17  1:05  SCV  
  18  1:17  SCV  
  19  1:31  Orbital Command  
  19  1:32  Marine  
  20  1:45  Command Center  
  20  1:57  Barracks Reactor, SCV  
  21  2:04  Barracks  
  21  2:10  Refinery  
  21  2:12  SCV  
  22  2:21  Supply Depot  
  22  2:25  SCV  
  23  2:31  Supply Depot  
  23  2:42  SCV, Marine x2  
  26  2:55  SCV, Factory  
  26  2:56  Barracks Tech Lab  
  27  3:05  Orbital Command  
  26  3:14  Marine  
  26  3:17  Stimpack  
  27  3:26  SCV  
  28  3:28  Marine  
  28  3:31  Marine  
  30  3:35  SCV  
  30  3:38  SCV  
  32  3:45  Starport  
  32  3:47  Factory Reactor, SCV  
  33  3:49  Marine  
  33  3:52  SCV  
  35  3:57  Marine  
  35  3:59  SCV, Marine  
  38  4:04  SCV  
  38  4:07  Marine  
  40  4:15  Engineering Bay, Marine  
  41  4:17  SCV, Marine  
  41  4:18  Supply Depot  
  41  4:20  SCV  
  44  4:25  Marine  
  44  4:30  Medivac  
  44  4:31  Medivac  
  49  4:33  Marine  
  49  4:35  Marine  
  51  4:39  SCV  
  51  4:40  SCV  
  51  4:43  Marine  
  54  4:50  Supply Depot, Marine  
  54  4:51  Supply Depot  
  54  4:52  SCV, Marine  
  56  4:55  Factory Reactor  
  57  5:06  Marine  
  58  5:13  Marine  
  59  5:26  Barracks Reactor  
  59  5:27  Supply Depot x2  
Show
View Real Time Build Order
Export as new Build Order

Tonko Zerg - Winner!

Build Orders: Hatch First, Zergling Baneling 

Get SALT Encoding   

  12  0:00  Drone  
  13  0:08  Drone  
  14  0:21  Extractor  
  14  0:22  Extractor  
  14  0:23  Drone x2  
  16  0:50  Hatchery  
  16  0:51  Overlord  
  15  1:06  Spawning Pool  
  15  1:10  Drone  
  15  1:13  Drone  
  15  1:17  Drone  
  17  1:30  Drone  
  18  1:34  Extractor  
  18  1:37  Extractor  
  18  1:39  Drone  
  17  1:55  Drone x2  
  19  2:02  Queen  
  19  2:05  Overlord  
  21  2:09  Queen  
  21  2:14  Drone  
  24  2:19  Evolution Chamber  
  23  2:24  Zergling x2  
  24  2:31  Drone x2  
  26  2:43  Drone x3  
  29  2:53  Zerg Melee Weapons Level 1  
  29  2:55  Drone  
  30  3:14  Drone x6  
  30  3:18  Overlord  
  35  3:25  Metabolic Boost  
  35  3:31  Baneling Nest  
  34  3:42  Zergling x10  
  39  3:50  Overlord  
  39  3:51  Overlord  
  39  4:05  Zergling x2  
  39  4:06  Zergling x6  
  43  4:17  Baneling  
  43  4:27  Baneling x4  
  43  4:28  Baneling x5  
  43  4:29  Baneling  
  43  4:36  Zergling x2  
  43  4:37  Zergling x16  
  52  4:49  Zergling x10  
  57  5:07  Zergling x10  
  49  5:10  Baneling x8  
  49  5:11  Baneling x3  
  49  5:12  Baneling x7  
Tags
 
League
GoldGold
Matchup
TvZ
Spawn Locations
Close Positions
Add a new tag
Caveats
  • Supply blocks, unpowered buildings, or Contaminate may cause inaccurate times.
  • Supply counts are checked every 10 seconds.